 Dungeon Crawl Stone Soup version 0.26-a0-651-gb41185065b (webtiles) character file.

Game seed: 12349645367582024425

280 Mesmaeker13 the Skirmisher (level 6, -1/54 HPs)
             Began as a Palentonga Warper on Oct 7, 2020.
             Slain by a two-headed ogre
             ... wielding a +0 giant club
              (11 damage)
             ... on level 4 of the Dungeon.
             The game lasted 00:10:02 (4336 turns).

Mesmaeker13 the Skirmisher (Palentonga Warper)      Turns: 4336, Time: 00:10:02

Health: -1/54      AC:  6    Str: 16    XL:     6   Next: 5%
Magic:  5/9        EV:  9    Int: 13    God:
Gold:   210        SH:  0    Dex: 10    Spells: 7/9 levels left

rFire    . . .     SeeInvis +   a - +0 falchion
rCold    . . .     Faith    .   (no shield)
rNeg     . . .     Spirit   .   c - +0 ring mail
rPois    .         Reflect  .   (no helmet)
rElec    .         Harm     .   (no cloak)
rCorr    .         Rampage  .   (no gloves)
MR       .....                  (no barding)
Stlth    ..........             n - amulet of the acrobat (curse)
HPRegen  0.18/turn              (no ring)
MPRegen  0.11/turn              (no ring)

@: very slightly contaminated
A: large, rugged brown scales 3, see invisible, deformed body, roll, armoured
tail
a: Rolling Charge


You were on level 4 of the Dungeon.
You visited 1 branch of the dungeon, and saw 4 of its levels.

You collected 210 gold pieces.

Inventory:

Hand Weapons
 a - a +0 falchion (weapon)
 p - a +0 mace of holy wrath
Missiles
 e - 4 boomerangs of dispersal (quivered)
Armour
 c - a +0 ring mail (worn)
Jewellery
 n - a cursed amulet of the acrobat (around neck)
Wands
 o - a wand of flame (3)
Scrolls
 b - 2 scrolls of amnesia {unknown}
 d - 2 scrolls of blinking
 f - 2 scrolls of fear {unknown}
 h - 2 scrolls of fog
 i - a scroll of noise {unknown}
 j - a scroll of teleportation {unknown}
 q - a scroll of identify
Potions
 g - a potion of curing {unknown}
 k - 3 potions of haste {unknown}
 l - a potion of heal wounds {unknown}
 m - 2 potions of magic
 r - a potion of might {unknown}


   Skills:
 + Level 3.6 Fighting
 + Level 3.5 Long Blades
 - Level 0.6 Throwing
 + Level 2.4 Armour
 + Level 2.9 Dodging
 - Level 2.0 Spellcasting
 - Level 3.0 Translocations


You had 7 spell levels left.
You knew the following spells:

 Your Spells              Type           Power        Failure   Level
a - Blink                 Tloc           N/A          21%         2

Your spell library contained the following spells:

 Spells                   Type           Power        Failure   Level
 Gell's Gravitas          Tloc           #.........   38%         3
 Lesser Beckoning         Tloc           #.........   38%         3
 Teleport Other           Tloc           #.......     38%         3
 Passage of Golubria      Tloc           N/A          80%         4


Dungeon Overview and Level Annotations

Branches:
Dungeon (4/15)
 Temple: D:4-7

Altars:
Ru

Annotations:
D:3 Pikel
D:4 Ijyb


Innate Abilities, Weirdness & Mutations

You are completely covered in rugged brown scales. (AC +3, +7% HP)
You have supernaturally acute eyesight. (SInv)
Armour fits poorly on your strangely shaped body.
You can roll at foes to attack.
You have a long armoured tail.


Message History

Confirm with . or Enter, or press ? or * to list all spells.
You miscast Blink.
You are very lightly contaminated with residual magic.
Nothing appears to happen.
The lemure hits you.
Unknown command.
Casting: Blink (safe; 21% risk of failure)
Confirm with . or Enter, or press ? or * to list all spells.
You blink.
Unknown command.
There is a stone staircase leading down here.
The lemure hits you but does no damage.
You climb downwards.
Level annotation: Ijyb The two-headed ogre hits you with a +0 giant club.
The two-headed ogre hits you with a +0 giant club!!
* * * LOW HITPOINT WARNING * * *
The lemure hits you but does no damage. x2
The two-headed ogre barely misses you.
The two-headed ogre hits you with a +0 giant club!
You die...

.. ..#.# ..###
....## ......
...... .....
..... ......
#...# ....
......##...####
...
..............#
..
.......5......#
#.
.......@......#
#.#
).....5O......#
#.<
.....#.........
### ....
....##...# ...
....## #.. ..
...... # .
...(..[
........


You could see a two-headed ogre and 2 lemures.

Vanquished Creatures
  An ogre (D:3)
  A lemure (D:3)
  An orc wizard (D:3)
  A centaur skeleton (D:2)
  4 adders
  An ooze (D:2)
  2 worms
  2 dart slugs (D:1)
  3 leopard geckos
  16 orcs (D:3)
  6 bats
  3 giant cockroaches
  4 goblins
  5 hobgoblins
  A ball python (D:3)
  2 frilled lizards
  8 kobolds
  12 rats
73 creatures vanquished.

Vanquished Creatures (others)
  An orc (D:4)
1 creature vanquished.

Grand Total: 74 creatures vanquished

Notes
Turn   | Place    | Note
-------+----------+-------------------------------------------
     0 | D:1      | Mesmaeker13 the Palentonga Warper began the quest for the
                  | Orb.
     0 | D:1      | Reached XP level 1. HP: 18/18 MP: 3/3
   204 | D:1      | Reached skill level 1 in Armour
   254 | D:1      | Reached XP level 2. HP: 22/25 MP: 5/5
  1023 | D:2      | Reached XP level 3. HP: 28/32 MP: 6/6
  1984 | D:2      | Reached XP level 4. HP: 39/39 MP: 7/7
  2565 | D:3      | Learned a level 2 spell: Blink
  3341 | D:3      | Found a sacrificial altar of Ru.
  3363 | D:3      | Reached XP level 5. HP: 47/48 MP: 8/8
  3946 | D:4      | Noticed Pikel
  3946 | D:4      | Noticed a lemure
  3946 | D:4      | Noticed a lemure
  3946 | D:4      | Noticed a lemure
  3949 | D:4      | Noticed a lemure
  3972 | D:3      | Killed a lemure
  4019 | D:4      | Noticed Ijyb
  4019 | D:4      | Noticed an ogre
  4092 | D:3      | Killed an ogre
  4092 | D:3      | Reached XP level 6. HP: 21/54 MP: 9/9
  4318 | D:4      | Noticed a two-headed ogre
  4336 | D:4      | Slain by a two-headed ogre

Illustrated notes

Levels and vault maps discovered:
D:1:      dpeg_arrival_radiant, layout_loops_cross
D:2:      layout_basic
D:3:      layout_basic, lemuel_statue_altar
D:4:      layout_rooms, nicolae_overflow_hidden_temple,
          minmay_temple_entry_wispy, uniq_pikel, uniq_eustachio, uniq_ijyb

Skill      XL: |  1  2  3  4 |
---------------+-------------+-----
Armour         | 1 2 |  2.4
Dodging        | 2 |  2.9
Fighting       | 3 |  3.6
Long Blades    | 3 |  3.5
Throwing       | |  0.6
Spellcasting   | |  2.0
Translocations | |  3.0

Action                   |  1- 3 |  4- 6 || total
-------------------------+-------+-------++-------
Melee: Falchion          |   125 |   107 ||   232
       Tailslap          |    15 |     9 ||    24
Throw: Boomerang         |       |     1 ||     1
 Cast: Blink             |       |     3 ||     3
 Abil: Rolling Charge    |     4 |     6 ||    10
Evoke: Wand              |       |    20 ||    20
  Use: Scroll            |       |     4 ||     4
Armor: Ring mail         |    75 |    49 ||   124
       Leather armour    |     1 |       ||     1
Dodge: Dodged            |    65 |    56 ||   121
       Rpst.: Falchion   |    23 |    18 ||    41

Table legend: (Time is in decaauts)
 A = Elapsed time spent in this place.
 B = Non-inter-level travel time spent in this place.
 C = Inter-level travel time spent in this place.
 D = Time resting spent in this place.
 E = Time spent auto-exploring this place.
 F = Levels seen in this place.
 G = Mean time per level.
                   A        B        C        D        E       F      G
               +--------+--------+--------+--------+--------+-----+--------+
         Total |   4379 |   4191 |    188 |   1546 |   1934 |   4 | 1094.8 |
       Dungeon |   4379 |   4191 |    188 |   1546 |   1934 |   4 | 1094.8 |
               +--------+--------+--------+--------+--------+-----+--------+

Top non-repeatable levels by time:
     D:3: 1815 daAuts
     D:2: 1670 daAuts
     D:1: 878 daAuts
     D:4: 15 daAuts
